 Dungeon Crawl Stone Soup version 0.24.1-14-gf8d2b509d9 (webtiles) character file.

Game seed: 367439078342147741, levelgen mode: deterministic

70 Peloso the Skirmisher (level 4, 35/35 HPs)
             Began as a Demonspawn Fighter on May 30, 2020.
             Was an Initiate of Okawaru.
             Got out of the dungeon alive.
             The game lasted 00:03:56 (1305 turns).

Peloso the Skirmisher (Demonspawn Fighter)          Turns: 1305, Time: 00:03:56

Health: 35/35      AC:  6    Str: 19    XL:     4   Next: 4%
Magic:  4/4        EV:  7    Int: 10    God:    Okawaru [......]
Gold:   153        SH:  9    Dex: 12    Spells: 3/3 levels left

rFire    . . .     SeeInvis .   a - +0 long sword
rCold    . . .     Gourm    .   c - +0 shield
rNeg     . . .     Faith    .   b - +0 scale mail
rPois    .         Spirit   .   (no helmet)
rElec    .         Reflect  .   (no cloak)
rCorr    .         Harm     .   (no gloves)
MR       .....                  (no boots)
Stlth    ..........             (no amulet)
HPRegen  0.11/turn              (no ring)
MPRegen  0.09/turn              (no ring)

@: no status effects
A: hooves 1, deterioration 1, powered by death 2, strong 1
a: Renounce Religion


You escaped.
You worshipped Okawaru.
Okawaru was noncommittal.
You were hungry.

You visited 1 branch of the dungeon, and saw 3 of its levels.

You collected 153 gold pieces.

Inventory:

Hand Weapons
 a - a +0 long sword (weapon)
Armour
 b - a +0 scale mail (worn)
 c - a +0 shield (worn)
Jewellery
 l - an uncursed amulet of harm {unknown}
 m - an uncursed ring of ice {unknown}
Scrolls
 e - 3 scrolls of noise {unknown}
 g - 4 scrolls of remove curse {unknown}
 h - a scroll of identify {unknown}
 i - a scroll of fog {unknown}
 k - a scroll of fear {unknown}
 o - a scroll of enchant armour {unknown}
Potions
 d - a potion of might
 j - a potion of haste
 n - a potion of degeneration {unknown}
Comestibles
 f - 6 rations


   Skills:
 + Level 3.3 Fighting
 + Level 2.6 Long Blades
 + Level 3.1 Armour
 + Level 0.5 Dodging
 + Level 0.1 Stealth
 + Level 3.2 Shields


You had 3 spell levels left.
You didn't know any spells.
Your spell library was empty.

Dungeon Overview and Level Annotations

Branches:
Dungeon (3/15)

Altars:
Okawaru
Qazlal


Innate Abilities, Weirdness & Mutations

You have large cloven feet.
You regenerate health from kills.
Your body sometimes deteriorates upon taking damage.
Your muscles are strong. (Str +2)


Message History

It was a potion of mutation.
You feel extremely strange.
You feel yourself wasting away.
You feel stronger.
Found 18 stones.
You see here a long sword.
j - a potion of haste
(D) Dungeon
Where to? (Enter - D:12, ? - help)
What level of the Dungeon? (default 1, ? - help)
You see here a long sword.
There is a stone staircase leading up here.
You climb upwards.
There is a stone staircase leading down here.
Things that are here:
a +0 club; a +0 dagger
There is a stone staircase leading up here.
You climb upwards.
There is a stone staircase leading down here.
There is a staircase leading out of the dungeon here.
Are you sure you want to leave the Dungeon?
This will make you lose the game!
You have escaped!

#..###................# #.##
####........####.# #.#
#.............# #.#
#.............# #.#
###....#.....#..#
#.#####.....##8###8##.#
#.##...............#..#########
#....##.#....#.....#..........#
..####..#....#..@..#..........#
.#.....###...#.....#...)......#
...########..#................#
...#####....##8###8##.........#
#............#.....#..........#
#.....................>##.#####
#..........##.######...##.#
#..........##.######...##.#
#..........##.......##.##.#


There were no monsters in sight!

Vanquished Creatures
  An adder (D:2)
  2 dart slugs (D:1)
  A leopard gecko (D:2)
  5 orcs
  3 bats
  2 giant cockroaches
  9 goblins
  5 hobgoblins
  7 jackals (D:2)
  3 ball pythons
  3 frilled lizards
  3 kobolds (D:2)
  2 rats (D:2)
46 creatures vanquished.

Notes
Turn   | Place    | Note
-------+----------+-------------------------------------------
     0 | D:1      | Peloso the Demonspawn Fighter began the quest for the Orb.
     0 | D:1      | Reached XP level 1. HP: 18/18 MP: 1/1
   128 | D:1      | Gained mutation: You regenerate a little health from kills.
                  | [demonic ancestry]
   128 | D:1      | Reached XP level 2. HP: 20/24 MP: 2/2
   655 | D:2      | Gained mutation: You regenerate health from kills. [demonic
                  | ancestry]
   655 | D:2      | Reached XP level 3. HP: 24/29 MP: 3/3
   680 | D:2      | Found a stormy altar of Qazlal.
   858 | D:2      | Found an iron altar of Okawaru.
   866 | D:2      | Became a worshipper of Warmaster Okawaru
  1021 | D:2      | Gained mutation: You have large cloven feet. [demonic
                  | ancestry]
  1021 | D:2      | Reached XP level 4. HP: 26/35 MP: 4/4
  1259 | D:3      | Gained mutation: Your body sometimes deteriorates upon
                  | taking damage. [potion of mutation]
  1259 | D:3      | Gained mutation: Your muscles are strong. (Str +2) [potion
                  | of mutation]
  1305 | D:$      | Got out of the dungeon alive.

Levels and vault maps discovered:
D:1:      scummos_arrival_simple_crosswalls, layout_rooms,
          chequers_serial_rivers_small_3, due_unseen_surprise
D:2:      layout_basic, okawaru_altar_gauntlet_db, lemuel_doored_altar
D:3:      layout_loops_ring, first_ration, item_on_display_a

Skill      XL: |  1  2  3 |
---------------+----------+-----
Shields        | 3 |  3.2
Long Blades    | 2 |  2.6
Armour         | 3 |  3.1
Fighting       | |  3.3
Dodging        | |  0.5
Stealth        | |  0.1

Action                   |  1- 3 |  4- 6 || total
-------------------------+-------+-------++-------
Melee: Long sword        |   169 |     3 ||   172
       Kick              |       |     1 ||     1
  Use: Potion            |     2 |     1 ||     3
  Eat: Chunk             |       |     1 ||     1
Armor: Scale mail        |    84 |     1 ||    85
Dodge: Dodged            |    69 |       ||    69
Block: Shield            |   107 |     1 ||   108
       Rpst.: Long sword |    19 |       ||    19
